 Dungeon Sprint DCSS version 0.26-a0-667-g92642533e4 (webtiles) character file.

Game seed: 10788547122017701250

1228 sahdkjhfkaj the Cleaver (level 8, -14/69 HPs)
             Began as a Demonspawn Gladiator on Oct 18, 2020.
             Was an Initiate of Gozag.
             Demolished by a boulder beetle (39 damage)
             ... in the Dungeon (Sprint VII: "The Pits").
             The game lasted 00:03:49 (1371 turns).

sahdkjhfkaj the Cleaver (Demonspawn Gladiator)      Turns: 1371, Time: 00:03:49

Health: -14/69     AC: 19    Str: 19    XL:     8   Next: 23%
Magic:  0/8        EV: 12    Int: 10    God:    Gozag
Gold:   1185       SH:  0    Dex: 18    Spells: 7/7 levels left

rFire    . . .     SeeInvis .   t - +2 war axe (vorpal)
rCold    . . .     Faith    .   (no shield)
rNeg     . . .     Spirit   +   a - +4 chain mail
rPois    .         Reflect  .   c - +0 helmet
rElec    .         Harm     .   p - +0 cloak
rCorr    .         Rampage  .   (no gloves)
MR       .....     NoTele   +   (no boots)
Stlth    ..........             (no amulet)
HPRegen  0.21/turn              b - +3 ring of strength
MPRegen  0.11/turn              n - +3 ring of dexterity

@: no status effects
A: talons 1, slimy green scales 1, demonic guardian 1, magic shield
a: Potion Petition, Call Merchant, Bribe Branch, Renounce Religion


You were in the Dungeon.
You worshipped Gozag.
Gozag was most pleased with you.
You visited 1 branch You collected 1674 gold pieces.
You paid 489 gold pieces to Gozag.

Inventory:

Hand Weapons
 t - a +2 vorpal war axe (weapon)
Missiles
 d - 3 throwing nets (quivered)
Armour
 a - a +4 chain mail (worn)
 c - a +0 helmet (worn)
 p - a +0 cloak (worn)
Jewellery
 b - a +3 ring of strength (left hand)
 n - a +3 ring of dexterity (right hand)
Scrolls
 j - a scroll of blinking
 l - 3 scrolls of remove curse
 m - 5 scrolls of amnesia
 o - 2 scrolls of vulnerability
Potions
 e - 9 potions of curing {!q}
 f - 7 potions of heal wounds {!q}
 g - a potion of haste {!q}
 h - 4 potions of magic {!q}
 i - 3 potions of berserk rage {!q}
 k - 2 potions of invisibility {!q}
 q - a potion of stabbing {!q}
 r - a potion of might {!q}
 s - 2 potions of mutation {!q}


   Skills:
 + Level 8.5 Fighting
 * Level 10.9 Axes
 - Level 1.7 Throwing
 + Level 7.4 Armour
 + Level 8.0 Dodging


You had 7 spell levels left.
You didn't know any spells.
Your spell library was empty.

Dungeon Overview and Level Annotations

Branches:
Dungeon (1/1)

Altars:
Ashenzari
Cheibriados
Dithmenos
Elyvilon
Fedhas
Gozag
Hepliaklqana
Kikubaaqudgha
Makhleb
Nemelex Xobeh
Okawaru
Qazlal
Ru
Sif Muna
Trog
Uskayaw
Vehumet
Wu Jian
Xom
Yredelemnul
Zin
The Shining One
Beogh
Jiyva
Lugonu

Shops:
D (


Innate Abilities, Weirdness & Mutations

You have sharp toenails.
You are partially covered in slimy green scales. (AC +2)
A weak demonic guardian rushes to your aid.
When hurt, damage is shared between your health and your magic reserves.


Message History

Unknown command.
Unknown command.
Unknown command.
Unknown command.
Unknown command.
You hit the boulder beetle.
The boulder beetle is moderately wounded.
You hit the ice devil.
The ice devil hits you but does no damage.
The boulder beetle bites you.
* * * LOW HITPOINT WARNING * * *
Unknown command.
Unknown command.
Unknown command.
Unknown command.
The boulder beetle curls into a ball and begins rolling!
The boulder beetle hits you!!!
Ouch! That really hurt!
You die...
Your body crumbles into a pile of gold.

######### _______.#
_______.#
_____...###########++######
#######'##................#
(.')))'.##......#..#......#
#######.##................+
.........'......@4........+
####'#####......#B.#......#
.....#[[##........○.......#
.....#))#####'#####''######
##'###))##.......##''#
...).#))##.......##....
.....#..##.......##.....
###'##'###...<...##.....
........##.......##...###


You could see a boulder beetle and an ice devil.

Vanquished Creatures
  An alligator (D)
  An eye of draining (D)
  A necrophage (D)
  A gnoll sergeant (D)
  A scorpion (D)
  A jelly (D)
  An iron imp (D)
  An iguana (D)
  A gnoll (D)
  An adder (D)
  A river rat (D)
  An ooze (D)
  An adder skeleton (D)
  A worm (D)
  2 leopard geckos (D)
  A giant cockroach (D)
  A goblin (D)
  3 jackals (D)
  A quokka (D)
  A frilled lizard (D)
23 creatures vanquished.

Vanquished Creatures (collateral kills)
  2 fire bats (D)
  A floating eye (D)
  A jackal (D)
4 creatures vanquished.

Grand Total: 27 creatures vanquished

Notes
Turn   | Place    | Note
-------+----------+-------------------------------------------
     0 | D        | sahdkjhfkaj the Demonspawn Gladiator began the quest for
                  | the Orb.
     0 | D        | Reached XP level 1. HP: 16/16 MP: 1/1
    19 | D        | Reached skill level 3 in Axes
    19 | D        | Reached skill level 1 in Armour
    19 | D        | Gained mutation: A weak demonic guardian rushes to your
                  | aid. [demonic ancestry]
    19 | D        | Reached XP level 2. HP: 17/23 MP: 2/2
   204 | D        | Found a bloodstained altar of Trog.
   204 | D        | Found a shimmering blue altar of Sif Muna.
   204 | D        | Found a viscous altar of Jiyva.
   204 | D        | Found a hazy altar of Hepliaklqana.
   204 | D        | Found an opulent altar of Gozag.
   205 | D        | Found a glowing golden altar of the Shining One.
   205 | D        | Found a glowing silver altar of Zin.
   205 | D        | Found a basalt altar of Yredelemnul.
   205 | D        | Found a shimmering altar of Xom.
   205 | D        | Found an ornate altar of the Wu Jian Council.
   205 | D        | Found a sacrificial altar of Ru.
   205 | D        | Found a stormy altar of Qazlal.
   205 | D        | Found an iron altar of Okawaru.
   205 | D        | Found a sparkling altar of Nemelex Xobeh.
   205 | D        | Found a burning altar of Makhleb.
   205 | D        | Found a blossoming altar of Fedhas.
   205 | D        | Found a white marble altar of Elyvilon.
   205 | D        | Found a shadowy altar of Dithmenos.
   205 | D        | Found a snail-covered altar of Cheibriados.
   206 | D        | Found a radiant altar of Vehumet.
   206 | D        | Found a corrupted altar of Lugonu.
   206 | D        | Found a roughly hewn altar of Beogh.
   207 | D        | Found an ancient bone altar of Kikubaaqudgha.
   207 | D        | Found a hide-covered altar of Uskayaw.
   207 | D        | Found a broken altar of Ashenzari.
   221 | D        | Became a worshipper of Gozag Ym Sagoz the Greedy
   270 | D        | Noticed a floating eye
   273 | D        | Killed a floating eye
   273 | D        | Reached skill level 5 in Axes
   273 | D        | Gained mutation: You have sharp toenails. [demonic
                  | ancestry]
   273 | D        | Reached XP level 3. HP: 28/30 MP: 3/3
   273 | D        | Reached XP level 4. HP: 35/37 MP: 4/4
   382 | D        | Reached skill level 6 in Axes
   385 | D        | Reached XP level 5. HP: 29/43 MP: 5/5
   388 | D        | Reached skill level 5 in Fighting
   388 | D        | Reached skill level 5 in Dodging
   395 | D        | Noticed a fire bat
   410 | D        | Killed a fire bat
   410 | D        | Reached skill level 7 in Axes
   625 | D        | Noticed a fire bat
   647 | D        | Killed a fire bat
   647 | D        | Reached skill level 8 in Axes
   647 | D        | Reached skill level 5 in Armour
   647 | D        | Gained mutation: You are partially covered in slimy green
                  | scales. (AC +2) [demonic ancestry]
   647 | D        | Reached XP level 6. HP: 33/53 MP: 6/6
   913 | D        | Reached skill level 9 in Axes
   930 | D        | Reached XP level 7. HP: 47/59 MP: 2/7
  1215 | D        | Noticed an alligator
  1232 | D        | HP: 1/59 [alligator (15)]
  1235 | D        | Killed an alligator
  1235 | D        | Reached skill level 10 in Axes
  1235 | D        | Gained mutation: When hurt, damage is shared between your
                  | health and your magic reserves. [demonic ancestry]
  1235 | D        | Reached XP level 8. HP: 3/69 MP: 8/8
  1354 | D        | Noticed an ice devil
  1354 | D        | Noticed a boulder beetle
  1371 | D        | Demolished by a boulder beetle

Illustrated notes

Levels and vault maps discovered:
D:        pitsprint [storerooms_1, entrance_room_1, metal_vault_4, armoury_3,
          mini_pit_1, grid_room_1, main_hall_1, silver_pit, the_coven_1,
          the_vestibule_1, steel_vault_3, golden_pit, hallway_of_sentries,
          crystal_vault_5, iron_vault_3, final_vault]

Skill      XL: |  1  2  3  4  5  6  7 |
---------------+----------------------+-----
Axes           | 3 5 6 8 9 10 | 10.9
Armour         | 1 2 3 5 6 7 |  7.4
Dodging        | 3 4 6 8 |  8.0
Fighting       | 3 4 6 7 8 |  8.5
Throwing       | |  1.7

Action                   |  1- 3 |  4- 6 |  7- 9 || total
-------------------------+-------+-------+-------++-------
Melee: War axe           |     5 |       |     6 ||    11
       Hand axe          |     6 |    65 |    22 ||    93
       Kick              |       |    20 |     9 ||    29
Invok: Call Merchant     |       |     1 |       ||     1
  Use: Potion            |       |       |     3 ||     3
       Scroll            |       |       |     1 ||     1
 Stab: Distracted        |       |     1 |     2 ||     3
Armor: Leather armour    |     8 |     4 |       ||    12
       Plate armour      |       |    31 |    16 ||    47
       Chain mail        |       |       |     7 ||     7
Dodge: Dodged            |     8 |    31 |     9 ||    48

Table legend: (Time is in decaauts)
 A = Elapsed time spent in this place.
 B = Non-inter-level travel time spent in this place.
 C = Inter-level travel time spent in this place.
 D = Time resting spent in this place.
 E = Time spent auto-exploring this place.
 F = Levels seen in this place.
 G = Mean time per level.
                   A        B        C        D        E       F      G
               +--------+--------+--------+--------+--------+-----+--------+
         Total |   1362 |   1293 |     69 |    890 |      0 |   1 | 1362.0 |
       Dungeon |   1362 |   1293 |     69 |    890 |      0 |   1 | 1362.0 |
               +--------+--------+--------+--------+--------+-----+--------+

Top non-repeatable levels by time:
       D: 1362 daAuts
